 Dungeon Crawl Stone Soup version 0.26-a0-599-gc8f6553d2c (webtiles) character file.

Game seed: 5401373423903285514

90 ANON1729 the Ducker (level 4, 0/31 HPs)
             Began as an Octopode Fighter on Aug 29, 2020.
             Slain by an orc wizard
             ... wielding a +0 dagger
              (3 damage)
             ... on level 2 of the Dungeon.
             The game lasted 00:01:50 (2145 turns).

ANON1729 the Ducker (Octopode Fighter)              Turns: 2145, Time: 00:01:50

Health: 0/31       AC:  1    Str: 16    XL:     4   Next: 56%
Magic:  4/4        EV: 12    Int: 10    God:
Gold:   81         SH:  9    Dex: 11    Spells: 3/3 levels left

rFire    . . .     SeeInvis .   a - +0 long sword
rCold    . . .     Faith    .   b - +0 kite shield
rNeg     + . .     Spirit   .   (helmet restricted)
rPois    .         Reflect  .   (no amulet)
rElec    .         Harm     .   h - ring of positive energy
rCorr    .                      (no ring)
MR       .....                  (no ring)
Stlth    +++.......             (no ring)
HPRegen  0.10/turn              (no ring)
MPRegen  0.09/turn              (no ring)
                                (no ring)
                                (no ring)

@: no status effects
A: almost no armour, stealthy swim, amphibious, 8 rings, constrict 8, camouflage
1, gelatinous body 1
a: no special abilities


You were on level 2 of the Dungeon.
You visited 1 branch of the dungeon, and saw 2 of its levels.

You collected 81 gold pieces.

Inventory:

Hand Weapons
 a - a +0 long sword (weapon)
Missiles
 m - 3 poisoned darts (quivered)
Armour
 b - a +0 kite shield (worn)
Jewellery
 h - a ring of positive energy (left tentacle)
Scrolls
 d - 2 scrolls of identify {unknown}
 f - a scroll of random uselessness {unknown}
 g - 2 scrolls of immolation {unknown}
 i - a scroll of remove curse {unknown}
 j - a scroll of blinking {unknown}
 k - a scroll of teleportation {unknown}
Potions
 c - a potion of might
 e - a potion of mutation {unknown}
 l - 2 potions of invisibility {unknown}


   Skills:
 + Level 3.5 Fighting
 + Level 2.6 Long Blades
 + Level 3.5 Dodging
 + Level 2.2 Stealth
 + Level 3.4 Shields


You had 3 spell levels left.
You didn't know any spells.
Your spell library was empty.

Dungeon Overview and Level Annotations

Branches:
Dungeon (2/15)

Altars:
Ashenzari


Innate Abilities, Weirdness & Mutations

You cannot wear most types of armour.
You are very stealthy in the water. (Stealth+)
You are amphibious.
You can wear up to eight rings at the same time.
You can use your tentacles to constrict eight enemies at once.
Your skin changes colour to match your surroundings (Stealth+).
Your rubbery body absorbs attacks. (AC +1, EV +1)


Message History

Things that are here:
a +0 club; a hobgoblin corpse Throwing (i - inventory)
m - 6 poisoned darts (quivered)
Press: ? - help, Shift-Dir - straight line, f - orc
Aim: an orc, wielding a +0 trident You throw a poisoned dart.
The poisoned dart hits the orc.
Throwing (i - inventory)
m - 5 poisoned darts (quivered)
Press: ? - help, Shift-Dir - straight line, f/p - orc
Aim: an orc, wielding a +0 trident You throw a poisoned dart.
Something hits you.
* * * LOW HITPOINT WARNING * * *
Throwing (i - inventory)
m - 4 poisoned darts (quivered)
Press: ? - help, Shift-Dir - straight line, f/p - orc
Aim: an orc, wielding a +0 trident You throw a poisoned dart.
The poisoned dart closely misses the orc.
The poisoned dart hits the worm.
The worm is poisoned.
Something hits you but does no damage. The orc barely misses you.
Something hits you.
You die...

#.#....#
#.#....#
#..)...###
##.......#
#.......#
#.w(....#
##o######## #.#
#....# #@#
#....#
##.###....#
#.........#
#.......###
#.......########
#.......'.......
#.......########
#.......#
#.......#


You could see a worm (poisoned) and an orc.

Vanquished Creatures
  3 gnolls
  2 dart slugs (D:1)
  3 leopard geckos
  An orc (D:2)
  A giant cockroach (D:1)
  5 goblins
  4 hobgoblins
  10 jackals
  10 bats
  A frilled lizard (D:1)
  2 kobolds (D:1)
  9 rats (D:1)
51 creatures vanquished.

Vanquished Creatures (others)
  4 plants (D:1)
4 creatures vanquished.

Grand Total: 55 creatures vanquished

Notes
Turn   | Place    | Note
-------+----------+-------------------------------------------
     0 | D:1      | ANON1729 the Octopode Fighter began the quest for the Orb.
     0 | D:1      | Reached XP level 1. HP: 16/16 MP: 1/1
    99 | D:1      | Found a shattered altar of Ashenzari.
   124 | D:1      | Reached XP level 2. HP: 16/21 MP: 2/2
   142 | D:1      | Reached skill level 1 in Stealth
   472 | D:1      | Reached XP level 3. HP: 22/26 MP: 3/3
  1560 | D:2      | Reached XP level 4. HP: 29/31 MP: 4/4
  2145 | D:2      | Slain by an orc wizard

Illustrated notes

Levels and vault maps discovered:
D:1:      kilobyte_arrival_exit_the_forest, layout_basic, serial_bayou_lagoon_a,
          evilmike_ruin_ashenzari
D:2:      layout_basic, uniq_crazy_yiuf_cottage

Skill      XL: |  1  2  3 |
---------------+----------+-----
Stealth        | 1 2 |  2.2
Fighting       | |  3.5
Long Blades    | |  2.6
Dodging        | |  3.5
Shields        | |  3.4

Action                   |  1- 3 |  4- 6 || total
-------------------------+-------+-------++-------
Melee: Long sword        |    81 |    13 ||    94
       Constrict         |    25 |     3 ||    28
       Tentacles         |    18 |     5 ||    23
Throw: Dart              |       |     3 ||     3
 Stab: Sleeping          |    10 |       ||    10
Armor: Skin              |     2 |       ||     2
Dodge: Dodged            |    25 |     8 ||    33
Block: Kite shield       |    29 |     8 ||    37
       Rpst.: Long sword |     4 |     2 ||     6

Table legend: (Time is in decaauts)
 A = Elapsed time spent in this place.
 B = Non-inter-level travel time spent in this place.
 C = Inter-level travel time spent in this place.
 D = Time resting spent in this place.
 E = Time spent auto-exploring this place.
 F = Levels seen in this place.
 G = Mean time per level.
                   A        B        C        D        E       F      G
               +--------+--------+--------+--------+--------+-----+--------+
         Total |   2180 |   2118 |     62 |    953 |    798 |   2 | 1090.0 |
       Dungeon |   2180 |   2118 |     62 |    953 |    798 |   2 | 1090.0 |
               +--------+--------+--------+--------+--------+-----+--------+

Top non-repeatable levels by time:
     D:1: 1846 daAuts
     D:2: 334 daAuts
